 Dungeon Crawl Stone Soup version 0.22.1-1-ga44c0e5 (webtiles) character file.

258 llanowor the Chopper (level 5, 0/45 HPs)
             Began as a Minotaur Fighter on Oct 23, 2018.
             Slain by an orc priest
             ... wielding a +0 club
              (4 damage)
             ... on level 3 of the Dungeon.
             The game lasted 00:20:14 (2577 turns).

llanowor the Chopper (Minotaur Fighter)             Turns: 2577, Time: 00:20:15

Health: 0/45       AC:  9    Str: 21    XL:     5   Next: 94%
Magic:  4/4        EV:  5    Int:  6    God:
Gold:   171        SH:  9    Dex:  9    Spells: 4/4 levels left

rFire    . . .     SeeInvis .   a - +0 war axe
rCold    . . .     Gourm    .   c - +0 shield
rNeg     . . .     Faith    .   o - +0 chain mail
rPois    .         Spirit   .   (helmet restricted)
rElec    .         Reflect  .   (no cloak)
rCorr    .         Harm     .   (no gloves)
MR       .....                  (no boots)
Stlth    ..........             (no amulet)
HPRegen  0.15/turn              (no ring)
MPRegen  0.09/turn              (no ring)

@: no status effects
A: retaliatory headbutt, horns 2
a: no special abilities


You were on level 3 of the Dungeon.
You were hungry.

You visited 1 branch of the dungeon, and saw 3 of its levels.

You collected 171 gold pieces.

Inventory:

Hand Weapons
 a - a +0 war axe (weapon)
Missiles
 h - 44 stones (quivered)
Armour
 c - a +0 shield (worn)
 o - a +0 chain mail (worn)
Wands
 n - a wand of random effects (28)
Scrolls
 e - a scroll of enchant armour {unknown}
 g - 5 scrolls of identify {unknown}
 l - a scroll of immolation {unknown}
 q - a scroll of teleportation {unknown}
Potions
 b - a potion of ambrosia {unknown}
 d - a potion of might
 i - a potion of flight {unknown}
 j - a potion of haste {unknown}
 k - 2 potions of brilliance {unknown}
 m - a potion of lignification {unknown}
 p - 2 potions of heal wounds {unknown}
 r - 3 potions of curing {unknown}
 s - a potion of berserk rage {unknown}
Comestibles
 f - 7 rations


   Skills:
 - Level 3.6 Fighting
 + Level 7.5 Axes
 + Level 0.0 Throwing
 - Level 3.7 Armour
 - Level 3.6 Shields


You had 4 spell levels left.
You didn't know any spells.
Your spell library was empty.

Dungeon Overview and Level Annotations

Branches:
Dungeon (3/15)

Altars:


Innate Abilities, Weirdness & Mutations

You reflexively headbutt those who attack you in melee.
You have a pair of horns on your head.


Message History

The orc is severely wounded.
You slash the orc!
You kill the orc!
The orc priest invokes the aid of Beogh against you.
Beogh smites you! The orc hits you but does no damage.
The orc priest invokes the aid of Beogh against you.
Beogh smites you!
* * * LOW HITPOINT WARNING * * *
You are too injured to fight recklessly!
You are too injured to fight recklessly!
You are too injured to fight recklessly!
You closely miss the orc. Your headbutt misses the orc.
The orc is severely wounded.
The orc hits you but does no damage.
You hit the orc.
You kill the orc!
You closely miss the orc priest.
Your shield and chain mail prevent you from hitting the leopard gecko.
You block the leopard gecko's attack. The orc priest hits you with a club.
You die...

........# #.# #.#
........# #.# #.#
........######'###
..††....##.......#
........##.......#
#.......##.......#####
#.......#............#
#.......#......o.....#
#.......#......l@....#
#...........##K#######
#.......###.##.#
####..#.# # #.# ##.#.#
#l# #.#+#


.oK .. ... . ... You could see an orc priest, a leopard gecko and a kobold.

Vanquished Creatures
  A bullfrog skeleton (D:3)
  Natasha (thrice) (D:2)
  6 adders
  An ooze (D:1)
  A worm (D:2)
  3 dart slugs
  2 leopard geckos
  9 orcs (D:3)
  A ball python (D:2)
  8 bats
  4 giant cockroaches
  6 goblins
  9 hobgoblins
  6 jackals (D:3)
  6 kobolds
  2 quokkas
  4 frilled lizards
  9 rats
81 creatures vanquished.

Notes
Turn   | Place    | Note
-------+----------+-------------------------------------------
     0 | D:1      | llanowor the Minotaur Fighter began the quest for the Orb.
     0 | D:1      | Reached XP level 1. HP: 19/19 MP: 0/0
    50 | D:1      | Reached skill level 3 in Axes
    55 | D:1      | Reached XP level 2. HP: 26/26 MP: 1/1
   308 | D:1      | Reached skill level 4 in Axes
   385 | D:1      | Reached XP level 3. HP: 31/31 MP: 2/2
   595 | D:2      | HP: 1/31 [poisoned by an adder]
  1258 | D:2      | Reached skill level 5 in Axes
  1272 | D:2      | Noticed Natasha
  1283 | D:2      | Killed Natasha
  1283 | D:2      | Reached XP level 4. HP: 37/39 MP: 3/3
  1317 | D:2      | Noticed Natasha
  1324 | D:2      | Killed Natasha
  1341 | D:2      | Noticed Natasha
  1352 | D:2      | Killed Natasha
  1352 | D:2      | Reached skill level 6 in Axes
  1352 | D:2      | Reached XP level 5. HP: 30/45 MP: 4/4
  2147 | D:3      | Reached skill level 7 in Axes
  2577 | D:3      | Slain by an orc priest

Skill      XL: |  1  2  3  4  5 |
---------------+----------------+-----
Axes           | 3 4 5 6 7 |  7.5
Fighting       | |  3.6
Armour         | |  3.7
Shields        | |  3.6

Action                   |  1- 3 |  4- 6 || total
-------------------------+-------+-------++-------
Melee: War axe           |    93 |   119 ||   212
       Headbutt          |     7 |    14 ||    21
Throw: Stone             |    31 |    80 ||   111
  Eat: Chunk             |     1 |     4 ||     5
Armor: Scale mail        |    30 |    23 ||    53
       Chain mail        |       |    38 ||    38
Dodge: Dodged            |    29 |    26 ||    55
Block: Shield            |    46 |    48 ||    94
